 Dungeon Crawl Stone Soup version 0.31-a0-188-g5e087ee2ca (webtiles) character file.

Game seed: 4246417583369691684

114490 qw the Spry (level 16, -9/100 HPs)
             Began as a Deep Elf Hunter on June 23, 2023.
             Was an Elder of Okawaru.
             Killed by divine providence
             ... invoked by a meliai
              (11 damage)
             ... on level 2 of the Spider Nest.
             The game lasted 00:12:14 (21017 turns).

qw the Spry (Deep Elf Hunter)                      Turns: 21017, Time: 00:12:14

Health: -9/100     AC: 25    Str: 13    XL:     16   Next: 16%
Magic:  6/11       EV: 32    Int: 19    God:    Okawaru [****..]
Gold:   576        SH:  5    Dex: 32    Spells: 15/15 levels left

rFire   . . .        d - +9 longbow "Zukypu" {antimagic, Drain rElec Will+ SInv}
rCold   + + +        (shield currently unavailable)
rNeg    . . .        x - +0 ice dragon scales
rPois   +            e - +2 helmet
rElec   +            z - +1 cloak
rCorr   .            j - +2 pair of gloves
SInv    +            y - +2 pair of boots
Will    +++..        t - amulet of reflection
Stlth   +++          m - ring "Dikhli" {rC+ Dex+4}
HPRegen 0.36/turn    k - ring "Neizeiske" {rF+ MP+9 Int+3 Dex+6}
MPRegen 0.12/turn

%: reflection
@: about to teleport, heroic, finesse-ful, marked, corroded
A: iridescent scales 1, agile 1, strong-willed 1, poison resistance
a: Renounce Religion, Heroism, Finesse


You were on level 2 of the Spider Nest.
You worshipped Okawaru.
Okawaru was greatly pleased with you.
You visited 5 branches of the dungeon, and saw 25 of its levels.

You collected 2608 gold pieces.
You spent 2032 gold pieces at shops.


Innate Abilities, Weirdness & Mutations

You are partially covered in iridescent scales. (AC +2)
You are agile. (Dex +4, Str/Int -1)
You are strong-willed. (Will+)
Your system is resistant to poisons. (rPois)


   Skills:
 - Level 11.0(16.0) Fighting
 - Level 20.0(25.0) Ranged Weapons
 + Level 8.1(13.1) Armour
 - Level 20.9(25.9) Dodging
 - Level 1.2(6.2) Stealth
 - Level 10.0 Invocations


You had 15 spell levels left.
You didn't know any spells.
Your spell library was empty.

Inventory:

Hand Weapons
 d - the +9 longbow "Zukypu" (weapon) {antimagic, Drain rElec Will+ SInv}
   (Okawaru gifted it to you on level 5 of the Lair of Beasts)

   rElec:     It insulates you from electricity.
   SInv:      It lets you see invisible.
   Drain:     It drains your maximum health when unequipped.
   Will:      It increases your willpower.
Armour
 e - a +2 helmet (worn)
 j - a +2 pair of gloves (worn)
 l - a +2 leather armour of fire resistance
 v - a +0 ring mail of poison resistance
 x - +0 ice dragon scales (worn)
 y - a +2 pair of boots (worn)
 z - a +1 cloak (worn)
 B - a +2 helmet of see invisible
Jewellery
 k - the ring "Neizeiske" (right hand) {rF+ MP+9 Int+3 Dex+6}
   (You found it on level 5 of the Dungeon)

   [ring of magical power]

   Int:       It affects your intelligence (+3).
   Dex:       It affects your dexterity (+6).
   rF:        It protects you from fire.
   MP:        It affects your magic capacity (+9).
 m - the ring "Dikhli" (left hand) {rC+ Dex+4}
   (You acquired it on level 6 of the Dungeon)

   [ring of protection from cold]

   Dex:       It affects your dexterity (+4).
   rC:        It protects you from cold.
 t - an amulet of reflection (around neck)
 u - the ring of Vaufoarch {Fire +Blink}
   (You acquired it on level 4 of the Lair of Beasts)

   [ring of fire]

   It enhances your fire magic.
   rF:        It protects you from fire.
   rC:        It makes you vulnerable to cold.
   +Blink:    It lets you blink.
Wands
 s - a wand of digging (8)
Scrolls
 a - 18 scrolls of identify
 f - 9 scrolls of teleportation
 w - a scroll of enchant weapon
Potions
 b - 2 potions of mutation
 h - 3 potions of enlightenment
 i - 5 potions of might
 n - 8 potions of curing
 o - a potion of cancellation
 p - 3 potions of magic
 q - 3 potions of resistance
 r - 2 potions of haste

Dungeon Overview and Level Annotations

Branches:
Dungeon (15/15)            Temple (1/1) D:7            Lair (5/5) D:10
  Swamp (0/4) Lair:3       Spider (2/4) Lair:3        Slime (0/5) Lair:5
    Orc (2/2) D:12            Elf (0/3) Orc:2        Vaults (0/5) D:14
 Depths (0/4) D:15

Altars:
Ashenzari
Cheibriados
Dithmenos
Elyvilon
Fedhas
Gozag
Hepliaklqana
Kikubaaqudgha
Makhleb
Nemelex Xobeh
Okawaru
Qazlal
Ru
Sif Muna
Trog
Uskayaw
Vehumet
Wu Jian
Xom
Yredelemnul
Zin
The Shining One
Jiyva

Shops:
D:3 ?   D:13 (   Orc:2 [(*[

Annotations:
Lair:4 2 transporters, qw's ghost, journeyman DEHu
Lair:5 1 runed translucent door
Spider:1 2 transporters, Arachne; qw's ghost, adept GrFi


Message History

The meliai closely misses you. x2; The meliai completely misses you. x2
The meliai barely misses you. You block the meliai's attack.
21014 ||| DRINKING 2 potions of heal wounds.
You feel much better. The culicivora completely misses you.
The meliai misses you.
The meliai completely misses you. x2; You block the meliai's attack.
The meliai barely misses you.
The meliai stings you but does no damage.
The boulder beetle completely misses you.
The culicivora bites you!
The culicivora draws strength from your injuries!
The meliai calls down the wrath of its god upon you.
Something smites you! The meliai completely misses you. x2
The meliai closely misses you. You block the meliai's attack.
21015 ||| DRINKING potion of heal wounds.
You feel much better. The meliai closely misses you.
The meliai stings you but does no damage.
The meliai misses you. The meliai completely misses you. The meliai misses you.
The meliai completely misses you. The culicivora completely misses you.
The boulder beetle bites you but does no damage.
The meliai closely misses you. The meliai misses you.
The meliai completely misses you. x2; The meliai closely misses you.
The meliai stings you.
You shoot an arrow. The arrow barely misses the culicivora.
The arrow hits the redback!!
The redback is almost dead.
The culicivora barely misses you. The meliai hits you with a +0 hand axe.
The meliai misses you. The meliai hits you with a +0 war axe!
The meliai completely misses you.
The meliai invokes the aid of its god against you.
Something smites you!
The boulder beetle completely misses you.
You shoot an arrow. The arrow hits the culicivora!!
You kill the culicivora!
Okawaru accepts your kill. The meliai closely misses you.
The meliai misses you.
The meliai invokes the aid of its god against you.
Something smites you!
You die...

#.#...... #......#
##.....### .... .#
#......#.## ... .. .
##..#..#...#...# . #.##.
##^.......#.#...#.. .....
#..........##....#.
....###.#..#...yy#s......
..#........#...y@#...#
..........[....#sB#
.#....###.....#..%.......
....^...#.......#.......#
>.).#...#..#..#..........
%...#.......#....#.......
.%#.......#.........#....
.%.#.#........... ...#.#.
#.............#.# ......


You could see a boulder beetle, a redback and 3 meliai.

Vanquished Creatures
  Jorgrun (D:13)
  Frances (D:13)
  Donald (Orc:2)
  A stone giant (D:15)
  A broodmother (Spider:2)
  Azrael (Spider:2)
  A spark wasp (Spider:2)
  3 entropy weavers
  5 hydras
  An ogre mage (D:15)
  10 centaur warriors
  5 boulder beetles
  11 two-headed ogres
  2 tengu warriors (D:15)
  4 orc high priests
  Urug (D:13)
  Nergalle (Orc:1)
  4 demonic crawlers
  4 skeletal warriors (D:14)
  A fire crab (D:14)
  2 skysharks
  Sonja (Lair:2)
  2 pharaoh ants (Spider:1)
  Lodul (D:12)
  An orb spider (Spider:2)
  A wizard (D:15)
  4 deep elf pyromancers
  Pikel (D:8)
  2 lindwurms (Lair:5)
  2 steelbarb worms (Spider:1)
  7 orc knights
  6 wolf spiders
  6 ugly things
  A cyclops (D:13)
  4 orc sorcerers
  2 manticores
  18 elephants
  11 black mambas
  A guardian serpent (Lair:5)
  6 torpor snails
  20 cane toads
  An unseen horror (D:11)
  4 gargoyles
  2 kobold demonologists (D:11)
  2 rime drakes
  An efreet (D:14)
  6 komodo dragons
  2 polar bears
  2 trolls
  3 meliai (D:14)
  5 tarantellas
  7 dream sheep (Lair:4)
  8 hornets (Lair:5)
  3 tyrant leeches (Lair:5)
  10 culicivoras
  12 jumping spiders
  A shadow (D:12)
  44 yaks
  2 water elementals (D:14)
  A vampire (D:11)
  4 basilisks
  12 wyverns
  16 humans (D:14)
  2 fire elementals (Spider:2)
  15 redbacks
  5 steam dragons
  6 vampire mosquitoes (D:12)
  2 wargs
  Edmund (D:6)
  2 hell hounds (Spider:2)
  29 water moccasins
  2 ice beasts (D:6)
  13 ogres
  28 orc warriors
  3 black bears
  A sky beast (D:8)
  2 wolves (D:10)
  3 lemures (D:8)
  2 phantoms
  21 centaurs
  Blork the orc (D:5)
  12 bullfrogs
  3 kobold brigands
  8 wights (D:8)
  An electric eel (D:7)
  3 howler monkeys
  5 crimson imps (D:10)
  4 hounds
  3 jellies (Lair:5)
  2 gnoll boudas
  19 orc priests
  3 sleepcaps
  6 iguanas
  24 orc wizards
  5 hell rats (Lair:4)
  11 gnolls
  7 adders
  3 shadow imps
  15 white imps
  An ufetubus (D:6)
  4 worms
  4 dart slugs
  94 orcs
  5 bats
  7 endoplasms
  4 giant cockroaches
  5 hobgoblins
  4 quokkas
  6 ball pythons
  13 goblins
  17 kobolds
  5 rats
747 creatures vanquished.

Vanquished Creatures (others)
  An orc wizard (Orc:2)
1 creature vanquished.

Grand Total: 748 creatures vanquished

Notes
Turn   | Place    | Note
-------+----------+-------------------------------------------
     0 | D:1      | qw the Deep Elf Hunter began the quest for the Orb.
     0 | D:1      | Reached XP level 1. HP: 12/12 MP: 3/3
     0 | D:1      | 0 ||| qw: Version: 0.3-a-9-g12657ce
     0 | D:1      | 0 ||| qw: Game counter: 4349
     0 | D:1      | 0 ||| qw: Always use a shield: true
     0 | D:1      | 0 ||| qw: God list: Okawaru
     0 | D:1      | 0 ||| qw: Allow faded altars: false
     0 | D:1      | 0 ||| qw: Do Orc after D:15 true
     0 | D:1      | 0 ||| qw: Do second Lair branch before Depths: true
     0 | D:1      | 0 ||| qw: Lair rune preference: random
     0 | D:1      | 0 ||| qw: Plans: Normal
     0 | D:1      | 0 ||| PLANNING D:1-11
   114 | D:1      | Reached XP level 2. HP: 16/16 MP: 4/4
   128 | D:1      | Reached skill level 6 in Ranged Weapons
   604 | D:1      | 604 ||| DROPPING scarf of invisibility.
   605 | D:1      | 605 ||| READING 2 scrolls labelled SAHOC XAUNWOC.
   606 | D:1      | 606 ||| READING 2 scrolls labelled PASASA HANKAPRI.
   610 | D:1      | 610 ||| READING 2 scrolls labelled SENKYMU KIFI.
   611 | D:1      | 611 ||| READING scroll labelled QUEROI POLEI.
   611 | D:1      | Identified a scroll of acquirement
   611 | D:1      | 611 ||| ACQUIRING +2 orcbow of flaming
   611 | D:1      | Acquired a +2 orcbow of flaming
   613 | D:1      | 613 ||| SWAPPING to +2 orcbow of flaming.
   614 | D:1      | 614 ||| DROPPING +0 shortbow.
   615 | D:1      | 615 ||| DROPPING scroll of butterflies.
   616 | D:1      | 616 ||| DROPPING scroll of fear.
   711 | D:2      | Reached XP level 3. HP: 20/20 MP: 5/5
  1064 | D:2      | 1064 ||| READING scroll labelled NERAPS UTERUYRGH.
  1065 | D:2      | 1065 ||| DRINKING 2 fuming purple potions.
  1065 | D:2      | Gained mutation: You are vulnerable to cold. (rC-) [potion
                  | of mutation]
  1065 | D:2      | Gained mutation: You are agile. (Dex +4, Str/Int -1)
                  | [potion of mutation]
  1066 | D:2      | 1066 ||| DRINKING potion of mutation.
  1066 | D:2      | Lost mutation: You are agile. (Dex +4, Str/Int -1) [potion
                  | of mutation]
  1066 | D:2      | Lost mutation: You are vulnerable to cold. (rC-) [potion of
                  | mutation]
  1066 | D:2      | Gained mutation: You are strong-willed. (Will+) [potion of
                  | mutation]
  1066 | D:2      | Gained mutation: You are agile. (Dex +4, Str/Int -1)
                  | [potion of mutation]
  1066 | D:2      | Gained mutation: Your system is resistant to poisons.
                  | (rPois) [potion of mutation]
  1066 | D:2      | Gained mutation: You are partially covered in iridescent
                  | scales. (AC +2) [potion of mutation]
  1137 | D:3      | Reached XP level 4. HP: 25/25 MP: 6/6
  1319 | D:3      | Found a faded altar of an unknown god.
  1390 | D:3      | Reached skill level 3 in Dodging
  1509 | D:3      | Found Fipsyn's Magic Scroll Emporium.
  1519 | D:3      | 1519 ||| BUYING scroll of enchant armour (82 gold).
  1519 | D:3      | Bought a scroll of enchant armour for 82 gold pieces
  1519 | D:3      | 1519 ||| BUYING scroll of identify (22 gold).
  1519 | D:3      | Bought a scroll of identify for 22 gold pieces
  1519 | D:3      | 1519 ||| SHOPLISTING scroll of identify (22 gold, have 21).
  1519 | D:3      | 1519 ||| SHOPLISTING scroll of teleportation (33 gold, have
                  | 21).
  1942 | D:3      | 1942 ||| UPGRADING to +0 scale mail.
  1952 | D:3      | 1952 ||| DROPPING +0 leather armour.
  1953 | D:3      | 1953 ||| READING scroll labelled JAKERGH YSOUG.
  1954 | D:3      | 1954 ||| READING 4 scrolls of identify.
  1954 | D:3      | 1954 ||| IDENTIFYING dark potion
  1955 | D:3      | 1955 ||| READING 3 scrolls of identify.
  1955 | D:3      | 1955 ||| IDENTIFYING orange potion
  1956 | D:3      | 1956 ||| READING 2 scrolls of identify.
  1956 | D:3      | 1956 ||| IDENTIFYING yellow potion
  1957 | D:3      | 1957 ||| DROPPING potion of degeneration.
  1958 | D:3      | 1958 ||| DROPPING potion of attraction.
  2208 | D:4      | Reached XP level 5. HP: 29/29 MP: 7/7
  2580 | D:4      | 2580 ||| UPGRADING to +2 helmet.
  2585 | D:4      | 2585 ||| UPGRADING to +0 ring mail.
  2595 | D:4      | 2595 ||| DROPPING +0 scale mail.
  2596 | D:4      | 2596 ||| UPGRADING to +1 pair of gloves.
  2601 | D:4      | 2601 ||| READING scroll of enchant armour.
  2601 | D:4      | 2601 ||| ENCHANTING +1 pair of gloves.
  2602 | D:4      | 2602 ||| UPGRADING to ring of resist corrosion.
  2603 | D:4      | 2603 ||| DRINKING 2 red potions.
  2652 | D:4      | 2652 ||| READING 2 scrolls of identify.
  2652 | D:4      | 2652 ||| IDENTIFYING grey potion
  2653 | D:4      | 2653 ||| DROPPING potion of lignification.
  2659 | D:5      | Entered Level 5 of the Dungeon
  2732 | D:5      | Reached skill level 9 in Ranged Weapons
  2784 | D:5      | Reached XP level 6. HP: 35/35 MP: 8/8
  2821 | D:5      | Noticed Blork the orc
  2828 | D:5      | Killed Blork the orc
  2829 | D:5      | Reached skill level 1 in Armour
  2858 | D:5      | Identified the ring "Neizeiske" {rF+ MP+9 Int+3 Dex+6}
  3018 | D:5      | Reached XP level 7. HP: 40/40 MP: 9/9
  3143 | D:5      | 3143 ||| UPGRADING to amulet of the acrobat.
  3148 | D:5      | 3148 ||| UPGRADING to ring "Neizeiske" {rF+ MP+9 Int+3
                  | Dex+6}.
  3205 | D:5      | 3205 ||| READING scroll labelled EGYBIT MAUDEA.
  3206 | D:5      | 3206 ||| DRINKING 3 sedimented blue potions.
  3207 | D:5      | 3207 ||| READING 4 scrolls of identify.
  3207 | D:5      | 3207 ||| IDENTIFYING glowing clear potion
  3208 | D:5      | 3208 ||| READING 3 scrolls of identify.
  3208 | D:5      | 3208 ||| IDENTIFYING viscous amethyst potion
  3209 | D:5      | 3209 ||| READING 2 scrolls of identify.
  3209 | D:5      | 3209 ||| IDENTIFYING smoky golden potion
  3210 | D:5      | 3210 ||| DROPPING potion of invisibility.
  3211 | D:5      | 3211 ||| DROPPING potion of magic.
  3470 | D:6      | Noticed Edmund
  3474 | D:6      | Killed Edmund
  3475 | D:6      | Reached XP level 8. HP: 44/44 MP: 10/10
  3542 | D:6      | 3542 ||| READING scroll of enchant weapon.
  3542 | D:6      | 3542 ||| ENCHANTING +3 orcbow of flaming.
  3553 | D:6      | 3553 ||| Stepping ~*~*~tactically~*~*~ (outnumbered).
  3555 | D:6      | 3555 ||| Stepping ~*~*~tactically~*~*~ (outnumbered).
  3557 | D:6      | 3557 ||| Stepping ~*~*~tactically~*~*~ (outnumbered).
  3560 | D:6      | 3560 ||| Stepping ~*~*~tactically~*~*~ (outnumbered).
  3717 | D:6      | Reached skill level 12 in Ranged Weapons
  3728 | D:6      | 3728 ||| READING scroll of acquirement.
  3728 | D:6      | 3728 ||| ACQUIRING ring "Dikhli" {rC+ Dex+4}
  3728 | D:6      | Acquired the ring "Dikhli" {rC+ Dex+4}
  3730 | D:6      | 3730 ||| UPGRADING to ring "Dikhli" {rC+ Dex+4}.
  3741 | D:6      | 3741 ||| DROPPING ring of resist corrosion.
  3742 | D:6      | 3742 ||| READING scroll labelled DIN TUINKEFUZY.
  3743 | D:6      | 3743 ||| READING 2 scrolls labelled ZUARUTOIDI.
  3744 | D:6      | 3744 ||| DROPPING scroll of summoning.
  3771 | D:7      | 3771 ||| STAIRDANCE
  3890 | D:7      | Reached skill level 3 in Fighting
  3930 | D:7      | Reached skill level 6 in Dodging
  4182 | D:7      | Found a staircase to the Ecumenical Temple.
  4183 | D:7      | 4183 ||| PLANNING TEMPLE
  4183 | D:7      | 4183 ||| READING scroll labelled IRUD DUWUSE.
  4184 | D:7      | 4184 ||| READING scroll labelled HOUSTRE YTHRYIR.
  4185 | D:7      | 4185 ||| READING 3 scrolls of identify.
  4185 | D:7      | 4185 ||| IDENTIFYING blue potion
  4186 | D:7      | 4186 ||| DROPPING potion of brilliance.
  4210 | Temple   | Entered the Ecumenical Temple
  4249 | Temple   | 4249 ||| PLANNING OKAWARU WORSHIP
  4470 | Temple   | Became a worshipper of Warmaster Okawaru
  4471 | Temple   | 4471 ||| PLANNING D:1-11
  4817 | D:7      | 4817 ||| FLEEEEING.
  4974 | D:8      | Noticed a two-headed ogre
  4981 | D:8      | Killed a two-headed ogre
  4981 | D:8      | Reached * piety under Okawaru
  4982 | D:8      | Reached XP level 9. HP: 50/50 MP: 11/11
  4994 | D:8      | 4994 ||| INVOKING Heroism.
  4997 | D:8      | Reached skill level 1 in Invocations
  5029 | D:8      | 5029 ||| INVOKING Heroism.
  5039 | D:8      | Reached skill level 3 in Invocations
  5156 | D:8      | 5156 ||| INVOKING Heroism.
  5157 | D:8      | 5157 ||| Stepping ~*~*~tactically~*~*~ (outnumbered).
  5169 | D:8      | 5169 ||| Stepping ~*~*~tactically~*~*~ (outnumbered).
  5171 | D:8      | 5171 ||| Stepping ~*~*~tactically~*~*~ (outnumbered).
  5173 | D:8      | 5173 ||| Stepping ~*~*~tactically~*~*~ (outnumbered).
  5175 | D:8      | 5175 ||| Stepping ~*~*~tactically~*~*~ (outnumbered).
  5177 | D:8      | 5177 ||| INVOKING Heroism.
  5183 | D:8      | Reached skill level 15 in Ranged Weapons
  5234 | D:8      | Reached ** piety under Okawaru
  5237 | D:8      | Found a blossoming altar of Fedhas.
  5293 | D:8      | Noticed Pikel
  5294 | D:8      | 5294 ||| INVOKING Heroism.
  5302 | D:8      | Killed Pikel
  5303 | D:8      | Reached XP level 10. HP: 58/58 MP: 15/15
  5771 | D:8      | 5771 ||| INVOKING Heroism.
  5797 | D:8      | 5797 ||| INVOKING Heroism.
  5849 | D:8      | 5849 ||| DROPPING ring of willpower.
  5850 | D:8      | 5850 ||| READING scroll labelled FIONOU FITE.
  5948 | D:9      | 5948 ||| INVOKING Heroism.
  5952 | D:9      | Noticed a two-headed ogre
  5958 | D:9      | Killed a two-headed ogre
  5978 | D:9      | 5978 ||| READING scroll of enchant weapon.
  5978 | D:9      | 5978 ||| ENCHANTING +4 orcbow of flaming.
  6259 | D:9      | 6259 ||| INVOKING Heroism.
  6436 | D:9      | 6436 ||| INVOKING Heroism.
  6496 | D:9      | 6496 ||| UPGRADING to +2 leather armour of fire resistance.
  6506 | D:9      | 6506 ||| READING scroll labelled POSMOU VOAMM.
  6507 | D:9      | 6507 ||| DRINKING 2 bubbling blue potions.
  6612 | D:9      | 6612 ||| DROPPING potion of berserk rage.
  6621 | D:10     | Entered Level 10 of the Dungeon
  6621 | D:10     | Noticed a gargoyle
  6625 | D:10     | Killed a gargoyle
  6626 | D:10     | Reached skill level 9 in Dodging
  6650 | D:10     | 6650 ||| INVOKING Heroism.
  6670 | D:10     | 6670 ||| INVOKING Heroism.
  6701 | D:10     | Noticed a two-headed ogre
  6702 | D:10     | 6702 ||| INVOKING Heroism.
  6714 | D:10     | Killed a two-headed ogre
  6722 | D:10     | Reached *** piety under Okawaru
  6723 | D:10     | Reached XP level 11. HP: 19/64 MP: 16/16
  6725 | D:10     | HP: 16/64 [black bear (4)]
  6726 | D:10     | 6726 ||| READING 7 scrolls of teleportation.
  6730 | D:10     | Noticed a two-headed ogre
  6733 | D:10     | Killed a two-headed ogre
  6734 | D:10     | Reached skill level 12 in Dodging
  6856 | D:10     | 6856 ||| INVOKING Heroism.
  6912 | D:10     | Found a staircase to the Lair.
  6941 | D:10     | 6941 ||| INVOKING Heroism.
  6981 | D:10     | Found a flagged portal.
  7011 | D:10     | Identified the +0 helmet "Happozof" {*Corrode rElec Int+2}
  7145 | D:10     | Noticed a centaur warrior
  7148 | D:10     | Killed a centaur warrior
  7149 | D:10     | Reached skill level 6 in Fighting
  7275 | D:10     | 7275 ||| PLANNING LAIR
  7275 | D:10     | 7275 ||| DROPPING +0 helmet "Happozof" {*Corrode rElec
                  | Int+2}.
  7302 | Lair:1   | Entered Level 1 of the Lair of Beasts
  7336 | Lair:1   | 7336 ||| INVOKING Heroism.
  7510 | Lair:1   | Reached **** piety under Okawaru
  7649 | Lair:1   | 7649 ||| INVOKING Heroism.
  7675 | Lair:1   | 7675 ||| INVOKING Heroism.
  8057 | Lair:1   | 8057 ||| DROPPING +4 ring of protection.
  8058 | Lair:1   | 8058 ||| READING scroll labelled VEZE VEACE.
  8159 | Lair:1   | 8159 ||| READING 8 scrolls of identify.
  8159 | Lair:1   | 8159 ||| IDENTIFYING black potion
  8195 | Lair:2   | Noticed Sonja
  8196 | Lair:2   | 8196 ||| INVOKING Heroism.
  8200 | Lair:2   | Killed Sonja
  8201 | Lair:2   | Noticed an eight-headed hydra
  8210 | Lair:2   | Killed an eight-headed hydra
  8210 | Lair:2   | Received a gift from Okawaru
  8219 | Lair:2   | 8219 ||| INVOKING Heroism.
  8338 | Lair:2   | 8338 ||| INVOKING Heroism.
  8344 | Lair:2   | Reached XP level 12. HP: 72/72 MP: 18/18
  8489 | Lair:2   | 8489 ||| INVOKING Heroism.
  8500 | Lair:2   | Reached skill level 6 in Invocations
  8673 | Lair:2   | 8673 ||| INVOKING Heroism.
  8696 | Lair:2   | 8696 ||| READING scroll of enchant weapon.
  8696 | Lair:2   | 8696 ||| ENCHANTING +5 orcbow of flaming.
  8829 | Lair:2   | Noticed an eight-headed hydra
  8830 | Lair:2   | 8830 ||| INVOKING Heroism.
  8834 | Lair:2   | Killed an eight-headed hydra
  8908 | Lair:2   | 8908 ||| READING 10 scrolls of identify.
  8908 | Lair:2   | 8908 ||| IDENTIFYING emerald potion
  8909 | Lair:2   | 8909 ||| READING 9 scrolls of identify.
  8909 | Lair:2   | 8909 ||| IDENTIFYING puce potion
  8957 | Lair:3   | 8957 ||| INVOKING Heroism.
  8994 | Lair:3   | Reached skill level 15 in Dodging
  9029 | Lair:3   | Noticed a four-headed hydra
  9030 | Lair:3   | 9030 ||| FLEEEEING.
  9031 | Lair:3   | 9031 ||| FLEEEEING.
  9032 | Lair:3   | 9032 ||| FLEEEEING.
  9033 | Lair:3   | 9033 ||| FLEEEEING.
  9034 | Lair:3   | 9034 ||| FLEEEEING.
  9037 | Lair:3   | 9037 ||| FLEEEEING.
  9038 | Lair:3   | 9038 ||| FLEEEEING.
  9039 | Lair:3   | 9039 ||| FLEEEEING.
  9088 | Lair:3   | Noticed a four-headed hydra
  9089 | Lair:3   | 9089 ||| INVOKING Heroism.
  9105 | Lair:3   | Found a staircase to the Swamp.
  9109 | Lair:3   | Killed a four-headed hydra
  9112 | Lair:3   | Reached ***** piety under Okawaru
  9327 | Lair:3   | Found a hole to the Spider Nest.
  9377 | Lair:3   | 9377 ||| INVOKING Heroism.
  9382 | Lair:3   | Killed a four-headed hydra
  9442 | Lair:3   | You fall into a shaft and drop 2 floors!
  9442 | Lair:5   | Entered Level 5 of the Lair of Beasts
  9516 | Lair:5   | Reached skill level 9 in Invocations
  9523 | Lair:5   | Found a staircase to the Slime Pits.
  9524 | Lair:5   | Found a viscous altar of Jiyva.
  9558 | Lair:5   | 9558 ||| INVOKING Heroism.
  9576 | Lair:5   | 9576 ||| READING scroll labelled ANKAJU LASIPEI.
  9580 | Lair:5   | Found a basalt altar of Yredelemnul.
  9715 | Lair:4   | Received a gift from Okawaru
  9715 | Lair:4   | Found the +15 Maxwell's patent armour {-Cast -Tele rElec
                  | Will+ rCorr}
  9770 | Lair:3   | Reached XP level 13. HP: 78/78 MP: 22/22
  9781 | Lair:3   | 9781 ||| INVOKING Heroism.
 10417 | Lair:4   | 10417 ||| READING scroll of enchant weapon.
 10417 | Lair:4   | 10417 ||| ENCHANTING +6 orcbow of flaming.
 10504 | Lair:4   | Found a transporter.
 10505 | Lair:4   | Found a transporter.
 10505 | Lair:4   | Noticed qw's ghost (journeyman DEHu)
 10597 | Lair:4   | 10597 ||| READING scroll of acquirement.
 10597 | Lair:4   | 10597 ||| ACQUIRING ring of Vaufoarch {Fire +Blink}
 10597 | Lair:4   | Acquired the ring of Vaufoarch {Fire +Blink}
 10958 | Lair:4   | 10958 ||| UPGRADING to amulet of reflection.
 10968 | Lair:4   | 10968 ||| DROPPING amulet of the acrobat.
 10969 | Lair:4   | 10969 ||| DROPPING ring of see invisible.
 11079 | Lair:5   | 11079 ||| INVOKING Heroism.
 11125 | Lair:5   | 11125 ||| INVOKING Heroism.
 11145 | Lair:5   | Found a runed translucent door.
 11146 | Lair:5   | Noticed a fire dragon
 11171 | Lair:5   | 11171 ||| INVOKING Heroism.
 11175 | Lair:5   | Reached skill level 9 in Fighting
 11197 | Lair:5   | Reached skill level 3 in Armour
 11257 | Lair:5   | 11257 ||| FLEEEEING.
 11259 | Lair:5   | 11259 ||| FLEEEEING.
 11261 | Lair:5   | 11261 ||| FLEEEEING.
 11263 | Lair:5   | 11263 ||| INVOKING Heroism.
 11357 | Lair:5   | Received a gift from Okawaru
 11375 | Lair:5   | Reached skill level 18 in Dodging
 11387 | Lair:5   | Identified the +9 longbow "Zukypu" {antimagic, Drain rElec
                  | Will+ SInv} (Okawaru gifted it to you on level 5 of the
                  | Lair of Beasts)
 11387 | Lair:5   | Received a gift from Okawaru
 11407 | Lair:5   | 11407 ||| FLEEEEING.
 11408 | Lair:5   | 11408 ||| FLEEEEING.
 11477 | Lair:5   | 11477 ||| SWAPPING to +9 longbow "Zukypu" {antimagic, Drain
                  | rElec Will+ SInv}.
 11478 | Lair:5   | 11478 ||| DROPPING +7 orcbow of flaming.
 11506 | Lair:5   | 11506 ||| INVOKING Heroism.
 11507 | Lair:5   | 11507 ||| INVOKING Finesse.
 11558 | Lair:5   | 11558 ||| INVOKING Heroism.
 11645 | Lair:5   | 11645 ||| INVOKING Heroism.
 11673 | Lair:5   | Reached XP level 14. HP: 86/86 MP: 10/23
 11797 | Lair:5   | Identified the +6 chain mail of the Comet {rF+ rC+ Will-}
 11940 | Lair:5   | Received a gift from Okawaru
 11982 | Lair:5   | Reached skill level 18 in Ranged Weapons
 12342 | Lair:5   | 12342 ||| PLANNING D:1-11
 12472 | D:11     | 12472 ||| Stepping ~*~*~tactically~*~*~ (outnumbered).
 12473 | D:11     | 12473 ||| Stepping ~*~*~tactically~*~*~ (outnumbered).
 12475 | D:11     | 12475 ||| Stepping ~*~*~tactically~*~*~ (outnumbered).
 12480 | D:11     | 12480 ||| Stepping ~*~*~tactically~*~*~ (outnumbered).
 12905 | D:11     | 12905 ||| PLANNING LAIR
 12905 | D:11     | 12905 ||| UPGRADING to +0 pair of boots.
 12910 | D:11     | 12910 ||| DROPPING +6 ring of strength.
 13041 | Lair:5   | 13041 ||| PLANNING D
 13073 | Lair:5   | 13073 ||| PLANNING LAIR
 13107 | Lair:5   | 13107 ||| PLANNING D
 13140 | Lair:5   | 13140 ||| PLANNING LAIR
 13169 | Lair:5   | 13169 ||| PLANNING D
 13205 | Lair:5   | 13205 ||| PLANNING LAIR
 13243 | Lair:5   | 13243 ||| PLANNING D
 13288 | Lair:5   | 13288 ||| PLANNING LAIR
 13328 | Lair:5   | 13328 ||| PLANNING D
 13375 | Lair:5   | 13375 ||| PLANNING LAIR
 13424 | Lair:5   | 13424 ||| PLANNING D
 13461 | Lair:5   | 13461 ||| PLANNING LAIR
 13500 | Lair:5   | 13500 ||| PLANNING D
 13565 | Lair:5   | 13565 ||| PLANNING LAIR
 13632 | Lair:5   | 13632 ||| PLANNING D
 13687 | Lair:5   | 13687 ||| PLANNING LAIR
 13744 | Lair:5   | 13744 ||| PLANNING D
 13812 | Lair:5   | 13812 ||| PLANNING LAIR
 13882 | Lair:5   | 13882 ||| PLANNING D
 13937 | Lair:5   | 13937 ||| PLANNING LAIR
 13994 | Lair:5   | 13994 ||| PLANNING D
 14054 | Lair:5   | 14054 ||| PLANNING LAIR
 14126 | Lair:5   | 14126 ||| PLANNING D
 14185 | Lair:5   | 14185 ||| PLANNING LAIR
 14246 | Lair:5   | 14246 ||| PLANNING D
 14307 | Lair:5   | 14307 ||| PLANNING LAIR
 14370 | Lair:5   | 14370 ||| PLANNING D
 14559 | D:12     | Noticed Lodul
 14570 | D:12     | Killed Lodul
 14572 | D:12     | 14572 ||| FLEEEEING.
 14573 | D:12     | 14573 ||| FLEEEEING.
 14574 | D:12     | 14574 ||| STAIRDANCE
 14664 | D:12     | Found a staircase to the Orcish Mines.
 14667 | D:12     | 14667 ||| FLEEEEING.
 14668 | D:12     | 14668 ||| FLEEEEING.
 15024 | D:12     | Received a gift from Okawaru
 15287 | D:12     | 15287 ||| DROPPING amulet of regeneration.
 15288 | D:12     | 15288 ||| DROPPING ring of flight.
 15319 | D:13     | Noticed Frances
 15320 | D:13     | 15320 ||| INVOKING Heroism.
 15321 | D:13     | 15321 ||| INVOKING Finesse.
 15328 | D:13     | Killed Frances
 15417 | D:13     | Found Uxzum's Weapon Shoppe.
 15641 | D:13     | 15641 ||| Stepping ~*~*~tactically~*~*~ (outnumbered).
 15642 | D:13     | 15642 ||| Stepping ~*~*~tactically~*~*~ (outnumbered).
 15775 | D:13     | Found a frozen archway.
 15861 | D:13     | Noticed Jorgrun
 15862 | D:13     | 15862 ||| INVOKING Heroism.
 15863 | D:13     | 15863 ||| INVOKING Finesse.
 15864 | D:13     | 15864 ||| Stepping ~*~*~tactically~*~*~ (outnumbered).
 15871 | D:13     | Killed Jorgrun
 15961 | D:13     | Noticed Urug
 15962 | D:13     | 15962 ||| INVOKING Heroism.
 15965 | D:13     | 15965 ||| INVOKING Finesse.
 15974 | D:13     | Killed Urug
 16069 | D:13     | 16069 ||| DROPPING +0 ring mail.
 16070 | D:13     | 16070 ||| UPGRADING to +2 pair of boots.
 16080 | D:13     | 16080 ||| DROPPING +0 pair of boots.
 16120 | D:14     | 16120 ||| STAIRDANCE
 16164 | D:14     | 16164 ||| STAIRDANCE
 16260 | D:14     | 16260 ||| INVOKING Heroism.
 16371 | D:14     | 16371 ||| INVOKING Heroism.
 16400 | D:14     | 16400 ||| INVOKING Heroism.
 16419 | D:14     | Reached XP level 15. HP: 88/92 MP: 9/24
 16453 | D:14     | Found a gate to the Vaults.
 16693 | D:14     | 16693 ||| INVOKING Heroism.
 16694 | D:14     | 16694 ||| Stepping ~*~*~tactically~*~*~ (outnumbered).
 17142 | D:15     | Entered Level 15 of the Dungeon
 17290 | D:15     | 17290 ||| INVOKING Heroism.
 17366 | D:15     | Found a sacrificial altar of Ru.
 17399 | D:15     | 17399 ||| Stepping ~*~*~tactically~*~*~ (outnumbered).
 17401 | D:15     | 17401 ||| Stepping ~*~*~tactically~*~*~ (outnumbered).
 17403 | D:15     | 17403 ||| Stepping ~*~*~tactically~*~*~ (outnumbered).
 17621 | D:15     | Found a staircase to the Depths.
 17622 | D:15     | 17622 ||| INVOKING Heroism.
 18056 | D:15     | 18056 ||| PLANNING ORC
 18145 | Orc:1    | Entered Level 1 of the Orcish Mines
 18151 | Orc:1    | 18151 ||| Stepping ~*~*~tactically~*~*~ (outnumbered).
 18154 | Orc:1    | 18154 ||| FLEEEEING.
 18156 | Orc:1    | 18156 ||| Stepping ~*~*~tactically~*~*~ (outnumbered).
 18337 | Orc:1    | 18337 ||| Stepping ~*~*~tactically~*~*~ (outnumbered).
 18363 | Orc:1    | 18363 ||| INVOKING Heroism.
 18374 | Orc:1    | Received a gift from Okawaru
 18424 | Orc:1    | Noticed Nergalle
 18430 | Orc:1    | Killed Nergalle
 18697 | Orc:2    | Entered Level 2 of the Orcish Mines
 18765 | Orc:2    | Noticed Donald
 18766 | Orc:2    | 18766 ||| INVOKING Heroism.
 18777 | Orc:2    | 18777 ||| INVOKING Finesse.
 18780 | Orc:2    | Killed Donald
 18945 | Orc:2    | 18945 ||| INVOKING Heroism.
 18946 | Orc:2    | 18946 ||| Stepping ~*~*~tactically~*~*~ (outnumbered).
 18949 | Orc:2    | 18949 ||| Stepping ~*~*~tactically~*~*~ (outnumbered).
 18975 | Orc:2    | 18975 ||| Stepping ~*~*~tactically~*~*~ (outnumbered).
 18977 | Orc:2    | 18977 ||| INVOKING Heroism.
 19038 | Orc:2    | Found a staircase to the Elven Halls.
 19160 | Orc:2    | 19160 ||| INVOKING Heroism.
 19161 | Orc:2    | 19161 ||| Stepping ~*~*~tactically~*~*~ (outnumbered).
 19249 | Orc:2    | 19249 ||| INVOKING Heroism.
 19250 | Orc:2    | 19250 ||| Stepping ~*~*~tactically~*~*~ (outnumbered).
 19270 | Orc:2    | 19270 ||| Stepping ~*~*~tactically~*~*~ (outnumbered).
 19272 | Orc:2    | 19272 ||| Stepping ~*~*~tactically~*~*~ (outnumbered).
 19295 | Orc:2    | 19295 ||| Stepping ~*~*~tactically~*~*~ (outnumbered).
 19300 | Orc:2    | 19300 ||| INVOKING Heroism.
 19320 | Orc:2    | Found Mabbia's Armour Emporium.
 19320 | Orc:2    | Found Nekin's Weapon Shop.
 19322 | Orc:2    | Found Vatazi Neywa's Assorted Antiques.
 19322 | Orc:2    | Found Fytiak's Antique Armour Shop.
 19328 | Orc:2    | 19328 ||| BUYING +0 cloak (81 gold).
 19328 | Orc:2    | Bought a +0 cloak for 81 gold pieces
 19328 | Orc:2    | 19328 ||| BUYING +0 ice dragon scales (1080 gold).
 19328 | Orc:2    | Bought +0 ice dragon scales for 1080 gold pieces
 19328 | Orc:2    | 19328 ||| BUYING +1 cloak (207 gold).
 19328 | Orc:2    | Bought a +1 cloak for 207 gold pieces
 19328 | Orc:2    | 19328 ||| SHOPLISTING +2 ice dragon scales (1296 gold, have
                  | 1077).
 19330 | Orc:2    | 19330 ||| BUYING potion of might (96 gold).
 19330 | Orc:2    | Bought a potion of might for 96 gold pieces
 19331 | Orc:2    | 19331 ||| BUYING pair of runed gloves (232 gold).
 19331 | Orc:2    | Bought a pair of runed gloves for 232 gold pieces
 19331 | Orc:2    | 19331 ||| BUYING shiny helmet (232 gold).
 19331 | Orc:2    | Bought a shiny helmet for 232 gold pieces
 19401 | Orc:2    | 19401 ||| PLANNING SPIDER:1-3
 19401 | Orc:2    | 19401 ||| UPGRADING to +0 cloak.
 19406 | Orc:2    | 19406 ||| UPGRADING to +0 ice dragon scales.
 19416 | Orc:2    | 19416 ||| UPGRADING to +1 cloak.
 19426 | Orc:2    | 19426 ||| DROPPING +0 cloak.
 19427 | Orc:2    | 19427 ||| DROPPING +0 pair of gloves of stealth.
 19556 | Spider:1 | Entered Level 1 of the Spider Nest
 19665 | Spider:1 | Found a transporter.
 19666 | Spider:1 | Found a transporter.
 19670 | Spider:1 | Noticed qw's ghost (adept GrFi)
 19681 | Spider:1 | Noticed Arachne
 20027 | Spider:1 | Reached skill level 6 in Armour
 20078 | Spider:1 | 20078 ||| Stepping ~*~*~tactically~*~*~ (outnumbered).
 20669 | Spider:2 | Reached XP level 16. HP: 100/100 MP: 11/25
 20684 | Spider:2 | 20684 ||| FLEEEEING.
 20688 | Spider:2 | 20688 ||| STAIRDANCE
 20787 | Spider:2 | 20787 ||| INVOKING Finesse.
 20796 | Spider:2 | Noticed Azrael
 20797 | Spider:2 | 20797 ||| INVOKING Heroism.
 20801 | Spider:2 | 20801 ||| Stepping ~*~*~tactically~*~*~ (outnumbered).
 20809 | Spider:2 | Killed Azrael
 20990 | Spider:2 | 20990 ||| INVOKING Finesse.
 20997 | Spider:2 | 20997 ||| Stepping ~*~*~tactically~*~*~ (outnumbered).
 20998 | Spider:2 | 20998 ||| INVOKING Heroism.
 21012 | Spider:2 | HP: 24/100 [meliai/divine providence (11)]
 21013 | Spider:2 | 21013 ||| READING 10 scrolls of teleportation.
 21013 | Spider:2 | HP: 11/100 [meliai/+0 war axe (4)]
 21014 | Spider:2 | 21014 ||| DRINKING 2 potions of heal wounds.
 21015 | Spider:2 | 21015 ||| DRINKING potion of heal wounds.
 21016 | Spider:2 | HP: 1/100 [meliai/divine providence (9)]
 21017 | Spider:2 | Killed from afar by a meliai

Levels and vault maps discovered:
D:1:      dpeg_arrival_refuge, layout_basic, st_stairs_3
D:2:      layout_rooms
D:3:      layout_loops_corners, hellmonk_ecumenical_altar_crossroads,
          serial_shops, nicolae_diamond_shop, minmay_misc_feat_tiny
D:4:      layout_gridville, kennysheep_nub, kennysheep_small_circle
D:5:      layout_cave_pools, sigmund_army, uniq_blork_the_orc
D:6:      layout_rooms, uniq_edmund
D:7:      layout_loops_ring, temple_pool_b, lightli_minifort
D:8:      layout_loops_ring, mainiacjoe_overflow_alcove_1, kennysheep_donut,
          uniq_pikel
D:9:      layout_loops_cross, grunt_decor_clamped
D:10:     layout_small_grid, minmay_lair_entry_grove, enter_bailey_3,
          minmay_nine_imps
D:11:     layout_cave_pools, minmay_misc_feat_plants
D:12:     layout_long_grid, david_orc_3, minmay_fountain_box, uniq_lodul
D:13:     layout_irregular_city, serial_column_ruins, column_ruins_hut_ruined,
          column_ruins_hut_ruined, column_ruins_open_tiny,
          column_ruins_columns_straight, column_ruins_columns_straight,
          column_ruins_open_medium, serial_shops, shop,
          portal_ice_cave_entry_imps, uniq_frances, uniq_jorgrun, uniq_urug
D:14:     layout_basic, david_vaults_3, hangedman_glass_teeth, eino_curves_02,
          chequers_serial_rivers_micro_b
D:15:     grunt_enter_depths_snipers, layout_long_grid, serial_park_avenue1,
          nicolae_ru_the_path_less_chosen
Temple:   nicolae_temple_the_god_donut
Lair:1:   layout_regular_city, grunt_megastairs_3
Lair:2:   layout_misc_corridors, serial_bayou_pond_e, st_stairs_10,
          lemuel_fruit_fields, uniq_sonja
Lair:3:   layout_cave_pods, minmay_swamp_entry_reptiles,
          spider_nest_entry_web_field, serial_forest,
          infiniplex_forest_corner_1, infiniplex_forest_end_2,
          infiniplex_forest_end_2, infiniplex_forest_lined_2,
          infiniplex_forest_clump_large, infiniplex_forest_clump_tiny,
          infiniplex_forest_clump_double
Lair:4:   layout_small_grid, gammafunk_ghost_arena, infiniplex_staircase_pool_2,
          grunt_megastairs_4, serial_bayou_shore_b
Lair:5:   wormcave, layout_cave_pods, hangedman_lair_tendril_chambers,
          nicolae_slime_entry_slimehenge, lemuel_centaur_altar
Spider:1: layout_spider_delve, nzn_ghost_randoct
Spider:2: layout_spider_delve, nicolae_spider_checkerboard,
          hangedman_spider_tarantella_strand, uniq_azrael
Orc:1:    layout_caves, uniq_nergalle
Orc:2:    grunt_orc_tribal_feast, layout_caves, uniq_donald

Skill      XL: |  1  2  3  4  5  6  7  8  9 10 11 12 13 14 15 16 |
---------------+-------------------------------------------------+-----
Ranged Weapons | 6 7 8 9 10 11 14 15 16 17 20 | 20.0
Dodging        | 3 5 6 8 11 14 15 18 19 20 | 20.9
Fighting       | 2 3 4 5 7 8 9 10 11 | 11.0
Armour         | 1 2 3 4 6 8 |  8.1
Invocations    | 4 5 10 | 10.0
Stealth        | |  1.2

Action                     |  1- 3 |  4- 6 |  7- 9 | 10-12 | 13-15 | 16-18 || total
---------------------------+-------+-------+-------+-------+-------+-------++-------
   Fire: Shortbow          |    42 |       |       |       |       |       ||    42
         Orcbow            |    36 |    97 |   179 |   471 |   227 |       ||  1010
         Longbow           |       |       |       |       |  1040 |   106 ||  1146
 Invoke: Heroism           |       |       |     5 |    23 |    24 |     2 ||    54
         Finesse           |       |       |       |       |     5 |     2 ||     7
    Use: Scroll            |     5 |     6 |    11 |    10 |     2 |     1 ||    35
         Potion            |     2 |     1 |     1 |     1 |       |     2 ||     7
 Armour: Leather armour    |     5 |     3 |       |    23 |    28 |       ||    59
         Scale mail        |       |    10 |       |       |       |       ||    10
         Ring mail         |       |     8 |    15 |     5 |       |       ||    28
         Ice dragon scales |       |       |       |       |    30 |    25 ||    55
  Dodge: Dodged            |     9 |    23 |    47 |   230 |   419 |   176 ||   904
  Block: Other             |       |       |       |       |    83 |    28 ||   111
         Reflection        |       |       |       |       |     9 |       ||     9

Table legend:
 A = Non-vault XP
 B = Vault XP
 C = Vault XP percentage of total XP
 D = Non-vault monster count
 E = Vault monster count
 F = Vault count percentage of total count
                 A         B        C        D         E       F
            +---------+---------+-------+---------+---------+-------
      Total |  109736 |   54048 |  33.0 |     529 |     215 |  28.9
            +---------+---------+-------+---------+---------+-------
        D:1 |      30 |       7 |  18.9 |      17 |       4 |  19.0
        D:2 |      54 |       0 |   0.0 |      17 |       0 |   0.0
        D:3 |      89 |       0 |   0.0 |      15 |       0 |   0.0
        D:4 |     116 |       0 |   0.0 |      12 |       0 |   0.0
        D:5 |     338 |     118 |  25.9 |      10 |       5 |  33.3
        D:6 |     831 |     153 |  15.5 |      18 |       1 |   5.3
        D:7 |     684 |     137 |  16.7 |      16 |       5 |  23.8
        D:8 |    3211 |     641 |  16.6 |      34 |       1 |   2.9
        D:9 |    1512 |       0 |   0.0 |      18 |       0 |   0.0
       D:10 |    2856 |    2981 |  51.1 |      23 |      26 |  53.1
       D:11 |    3670 |       0 |   0.0 |      14 |       0 |   0.0
       D:12 |    3860 |    1691 |  30.5 |      12 |      11 |  47.8
       D:13 |    6386 |    4178 |  39.5 |      21 |      15 |  41.7
       D:14 |   10267 |    6239 |  37.8 |      18 |      20 |  52.6
       D:15 |    9170 |    2754 |  23.1 |      22 |       3 |  12.0
     Lair:1 |    3123 |    1132 |  26.6 |      18 |       4 |  18.2
     Lair:2 |    5080 |    2355 |  31.7 |      15 |       4 |  21.1
     Lair:3 |    7737 |    1184 |  13.3 |      25 |       4 |  13.8
     Lair:4 |    2642 |    2329 |  46.9 |      11 |      14 |  56.0
     Lair:5 |   16423 |   16473 |  50.1 |      43 |      60 |  58.3
   Spider:1 |   16493 |       0 |   0.0 |      42 |       0 |   0.0
   Spider:2 |    8614 |    2004 |  18.9 |      20 |       6 |  23.1
      Orc:1 |    4430 |     789 |  15.1 |      43 |       1 |   2.3
      Orc:2 |    2120 |    8883 |  80.7 |      45 |      31 |  40.8
            +---------+---------+-------+---------+---------+-------
